Map: Ultralove

Players

Reynor

  • Race: Zerg Zerg
  • Spawn Location: 1:00

FalconsSolar (Solar) - Winner!

  • Race: Zerg Zerg
  • Spawn Location: 7:00

Event: DreamHack Dallas 2025

VOD

Have the link to the VOD?

Description

Time

  • Played on: May 24, 2025, 7:04 p.m.
  • Length: 7:48

All games in this series

Show
View Real Time Build Order
Export as new Build Order

Reynor Zerg 

Build Orders: Hatch First 

Get SALT Encoding   

  12  0:00  Drone  
  13  0:08  Drone  
  14  0:14  Extractor  
  14  0:15  Drone  
  15  0:21  Overlord  
  15  0:40  Drone  
  16  0:47  Hatchery  
  16  0:49  Drone  
  16  0:52  Drone  
  16  0:56  Drone  
  18  1:06  Extractor  
  17  1:11  Spawning Pool  
  17  1:14  Drone  
  17  1:17  Drone  
  18  1:26  Drone  
  19  1:37  Drone  
  20  1:48  Drone  
  21  1:58  Queen x2  
  21  1:59  Overlord, Zergling x2  
  26  2:06  Metabolic Boost  
  26  2:09  Drone  
  26  2:12  Drone  
  28  2:20  Drone  
  28  2:21  Zergling x2  
  30  2:31  Drone x2  
  32  2:39  Hatchery  
  31  2:46  Drone  
  31  2:47  Baneling Nest  
  31  2:48  Drone  
  32  2:53  Overlord  
  32  2:55  Drone  
  32  3:03  Drone x2  
  34  3:08  Drone  
  34  3:09  Zergling x2  
  34  3:12  Zergling x8  
  40  3:20  Overlord  
  40  3:22  Drone  
  40  3:26  Roach Warren  
  40  3:28  Drone  
  40  3:32  Baneling, Drone  
  42  3:38  Drone x3  
  42  3:40  Drone x2  
  42  3:41  Drone  
  48  3:46  Overlord  
  48  3:50  Drone  
  48  3:51  Drone  
  48  3:55  Evolution Chamber  
  48  3:58  Queen  
  48  4:00  Drone  
  48  4:01  Drone  
  52  4:04  Baneling  
  52  4:05  Drone x2  
  52  4:08  Drone  
  55  4:12  Drone x2  
  58  4:17  Drone x4  
  58  4:18  Extractor  
  58  4:20  Zergling x4  
  58  4:23  Overlord  
  62  4:28  Zerg Missile Weapons Level 1  
  61  4:35  Roach x2  
  61  4:36  Overlord  
  65  4:39  Overlord  
  65  4:43  Roach x4  
  73  4:48  Overlord, Extractor  
  72  4:52  Overlord  
  72  4:58  Drone x5  
  72  4:59  Lair  
  75  5:04  Roach  
  75  5:08  Overlord  
  75  5:10  Roach  
  75  5:12  Zergling x2, Roach  
  75  5:13  Extractor  
  77  5:17  Roach  
  77  5:20  Drone x4  
  85  5:21  Roach x2  
  85  5:22  Extractor  
  85  5:23  Overlord  
  85  5:27  Roach  
  88  5:30  Overlord  
  88  5:32  Roach  
  90  5:37  Roach  
  90  5:41  Roach x3  
  90  5:42  Roach  
  100  5:46  Spine Crawler  
  100  5:47  Spine Crawler, Roach  
  100  5:50  Roach  
  100  5:51  Roach  
  100  5:55  Roach x2  
  108  5:59  Drone x3  
  108  6:00  Drone  
  108  6:02  Glial Reconstitution  
  114  6:04  Overlord  
  114  6:06  Drone  
  114  6:10  Overseer, Drone x2  
  117  6:16  Drone x3  
  117  6:18  Overlord  
  120  6:24  Roach x2  
  124  6:31  Roach x3  
  124  6:32  Drone x3  
  133  6:34  Extractor, Baneling x2  
  133  6:36  Roach x2  
  133  6:37  Overlord  
  136  6:44  Roach x3  
  136  6:46  Overlord  
  142  6:48  Pneumatized Carapace  
  142  6:56  Overlord  
  142  6:59  Overlord  
  142  7:01  Overlord  
  142  7:02  Overlord  
  142  7:05  Roach x2  
  142  7:06  Overlord  
  146  7:11  Ravager  
  146  7:12  Overlord  
  146  7:14  Roach x3  
  152  7:17  Roach x4  
  152  7:20  Roach x2  
  147  7:23  Roach  
  147  7:24  Roach  
  147  7:27  Roach  
  147  7:28  Roach  
Show
View Real Time Build Order
Export as new Build Order

FalconsSolar Zerg - Winner!

Build Orders: Hatch First 

Get SALT Encoding   

  12  0:00  Drone  
  13  0:07  Drone  
  13  0:14  Extractor, Drone  
  15  0:21  Overlord  
  15  0:40  Drone  
  16  0:45  Hatchery  
  16  0:48  Drone  
  16  0:52  Drone  
  16  0:55  Drone  
  18  1:06  Extractor  
  17  1:11  Spawning Pool  
  17  1:13  Drone  
  17  1:16  Drone  
  18  1:26  Drone  
  19  1:37  Drone  
  20  1:47  Drone  
  21  1:58  Queen x2  
  21  1:59  Overlord, Zergling x2  
  26  2:08  Drone  
  27  2:09  Drone  
  27  2:10  Metabolic Boost  
  28  2:18  Zergling x2  
  28  2:20  Drone  
  30  2:32  Hatchery  
  30  2:34  Drone  
  30  2:36  Drone  
  31  2:40  Drone  
  32  2:45  Baneling Nest  
  32  2:47  Drone  
  32  2:51  Overlord  
  32  2:55  Drone  
  32  3:01  Zergling x2  
  32  3:04  Drone  
  34  3:07  Drone  
  34  3:09  Zergling x2  
  34  3:10  Drone x2  
  38  3:14  Drone x2  
  38  3:19  Overlord  
  40  3:21  Zergling x2  
  40  3:27  Queen  
  41  3:33  Roach Warren, Drone  
  43  3:39  Drone x3  
  46  3:42  Drone  
  46  3:44  Drone  
  46  3:46  Drone  
  46  3:48  Drone x2  
  51  3:52  Extractor  
  51  3:55  Drone  
  51  3:56  Zergling x2  
  51  3:57  Drone  
  51  4:01  Overlord  
  51  4:02  Evolution Chamber  
  52  4:05  Lair  
  52  4:07  Extractor  
  52  4:08  Drone  
  52  4:11  Drone x2  
  52  4:14  Drone x2  
  52  4:16  Drone  
  56  4:19  Drone  
  56  4:22  Overlord  
  56  4:24  Drone x2  
  59  4:27  Extractor, Zerg Missile Weapons Level 1  
  58  4:33  Roach x2  
  58  4:34  Roach  
  58  4:35  Drone  
  58  4:36  Drone  
  66  4:39  Overlord  
  66  4:43  Drone  
  66  4:44  Roach  
  69  4:48  Roach x2  
  69  4:51  Zergling x2  
  74  4:53  Overlord  
  74  4:59  Ravager, Roach x3  
  79  5:01  Roach  
  78  5:08  Roach  
  78  5:10  Drone  
  78  5:11  Overlord  
  78  5:12  Glial Reconstitution  
  78  5:13  Drone  
  81  5:14  Roach  
  81  5:18  Roach  
  81  5:21  Overlord  
  85  5:23  Roach  
  85  5:27  Roach  
  85  5:28  Overlord  
  89  5:30  Roach  
  89  5:32  Roach  
  89  5:34  Overlord  
  93  5:36  Roach  
  93  5:37  Overseer  
  93  5:40  Roach  
  97  5:45  Roach x2  
  97  5:46  Roach  
  97  5:49  Roach  
  104  5:50  Drone  
  104  5:51  Drone  
  104  5:53  Extractor, Drone x2  
  104  5:56  Roach  
  109  5:58  Roach  
  109  6:00  Roach  
  109  6:02  Roach  
  117  6:04  Roach  
  117  6:06  Roach  
  117  6:09  Overlord  
  117  6:10  Roach  
  121  6:15  Overlord  
  121  6:21  Overlord  
  121  6:22  Overlord  
  121  6:23  Overlord  
  121  6:27  Ravager  
  121  6:28  Ravager x3, Roach  
  121  6:29  Roach  
  129  6:35  Roach x3  
  129  6:37  Roach  
  137  6:40  Overlord  
  137  6:44  Roach x2  
  137  6:46  Roach  
  143  6:48  Roach  
  143  6:52  Roach x2  
  149  6:54  Roach  
  149  6:56  Roach  
  149  7:00  Roach x2  
  157  7:04  Roach x2  
  157  7:07  Roach x2  
  165  7:10  Roach  
  165  7:17  Roach x2  
  165  7:20  Roach x2  
  165  7:21  Roach  
  165  7:25  Roach x2  
  165  7:27  Roach  
  165  7:28  Roach  
Tags
 
Add a new tag
Caveats
  • Supply blocks, unpowered buildings, or Contaminate may cause inaccurate times.
  • Supply counts are checked every 10 seconds.